 Dungeon Crawl Stone Soup version 0.32-a0-825-g0e82a1035d (webtiles) character file.

Game seed: 6872220964857801204

101 CromulentBort the Trooper (level 4, -3/38 HPs)
             Began as a Demonspawn Gladiator on Mar 25, 2024.
             Slain by an orc
             ... wielding a +0 war axe
              (8 damage)
             ... on level 3 of the Dungeon.
             The game lasted 00:03:42 (2015 turns).

CromulentBort the Trooper (Demonspawn Gladiator)    Turns: 2015, Time: 00:03:42

Health: -3/38      AC:  7    Str: 16    XL:     4   Next: 48%
Magic:  4/4        EV: 11    Int:  8    God:
Gold:   103        SH:  0    Dex: 15    Spells: 3/3 levels left

rFire   . . .        a - +0 long sword
rCold   . . .        (no shield)
rNeg    . . .        b - +0 leather armour
rPois   .            c - +0 helmet
rElec   .            k - +0 cloak
rCorr   .            (no gloves)
SInv    .            (no boots)
Will    .....        (no amulet)
Stlth   +            (no ring)
HPRegen 0.26/turn    (no ring)
MPRegen 0.18/turn

%: no passive effects
@: no status effects
A: slimy green scales 1, magic regeneration
a: no special abilities


You were on level 3 of the Dungeon.
You visited 1 branch of the dungeon, and saw 3 of its levels.

You collected 103 gold pieces.

Inventory:

Hand Weapons
 a - a +0 long sword (weapon)
Missiles
 d - 3 throwing nets (quivered)
 e - a javelin
Armour
 b - a +0 leather armour (worn)
 c - a +0 helmet (worn)
 k - a +0 cloak (worn)
Jewellery
 m - a ring of positive energy
Talismans
 g - a maw talisman
 n - a beast talisman
Scrolls
 f - 2 scrolls of identify {unknown}
 h - a scroll of blinking {unknown}
 j - 2 scrolls of revelation {unknown}
 l - a scroll of fog {unknown}
 o - a scroll of noise {unknown}
Potions
 i - a potion of haste {unknown}


   Skills:
 + Level 4.8 Fighting
 - Level 2.6 Long Blades
 - Level 1.7 Throwing
 - Level 2.6 Dodging


You had 3 spell levels left.
You didn't know any spells.
Your spell library was empty.

Dungeon Overview and Level Annotations

Branches:
Dungeon (3/15)

Altars:

Shops:
D:3 :

Annotations:
D:2 Sigmund


Innate Abilities, Weirdness & Mutations

You are partially covered in slimy green scales. (AC +2)
You regenerate magic rapidly.


Message History

You closely miss the orc.
The orc is heavily wounded.
The rat barely misses you. The orc hits you with a +0 war axe.
The rat barely misses you. The orc hits you with a +0 war axe.
The orc hits you but does no damage.
You are too injured to fight recklessly!
The orc attacks as it pursues you! The orc barely misses you.
There is an open door here.
The rat attacks as it pursues you! The rat barely misses you.
You are too injured to fight recklessly!
You are too injured to fight recklessly!
You are too injured to fight recklessly!
You are too injured to fight recklessly!
You hit the rat.
The rat is heavily wounded.
The rat barely misses you.
You hit the rat.
You kill the rat!
You hit the orc.
The orc is moderately wounded.
The orc closely misses you. The orc hits you with a +0 war axe.
You hit the orc.
You kill the orc!
The orc closely misses you.
You closely miss the orc. The orc hits you with a +0 dagger.
You closely miss the orc. The orc closely misses you.
You hit the orc.
The orc is moderately wounded.
The orc hits you but does no damage. x2
You barely miss the orc.
The orc is moderately wounded.
The orc misses you.
You slash the orc!
You kill the orc!
You hit the orc.
The orc is heavily wounded.
The orc hits you with a +0 war axe!
* * * LOW HITPOINT WARNING * * *
The orc hits you with a +0 war axe!
You die...

#......######...#...#.
#......##..##.>.#.⌠.#.
#......#...##...#...#.
#......#...######...##
######......#...######...##
#...........#.............#
#.......# #.............#
#.......#####.............#
#.......'o@......)........#
#.......######............#
#######.# #............#
#.# #............# #.#
############## #.# #.# ..


You could see an orc.

Vanquished Creatures
  Robin (D:2)
  2 adders (D:2)
  A ribbon worm (D:2)
  2 dart slugs
  2 orcs (D:3)
  11 ball pythons
  4 bats
  3 endoplasms
  3 giant cockroaches
  13 goblins
  6 hobgoblins
  A quokka (D:3)
  A frilled lizard (D:3)
  5 kobolds
  4 rats
59 creatures vanquished.

Notes
Turn   | Place    | Note
-------+----------+-------------------------------------------
     0 | D:1      | CromulentBort the Demonspawn Gladiator began the quest for
                  | the Orb.
     0 | D:1      | Reached XP level 1. HP: 16/16 MP: 1/1
   205 | D:1      | Gained mutation: You are partially covered in slimy green
                  | scales. (AC +2) [demonic ancestry]
   205 | D:1      | Reached XP level 2. HP: 20/23 MP: 2/2
   266 | D:1      | Reached skill level 3 in Fighting
   625 | D:2      | Noticed Sigmund
   862 | D:2      | Noticed Robin
   876 | D:2      | Gained mutation: You regenerate magic rapidly. [demonic
                  | ancestry]
   876 | D:2      | Reached XP level 3. HP: 10/29 MP: 3/3
   963 | D:2      | Killed Robin
   964 | D:2      | Reached skill level 4 in Fighting
  1028 | D:2      | Reached XP level 4. HP: 31/38 MP: 4/4
  1997 | D:3      | Found Hefubaich's Book Shoppe.
  2015 | D:3      | Slain by an orc

Illustrated notes

Levels and vault maps discovered:
D:1:      amcnicky_arrival_flooded_fountain, layout_basic,
          minmay_misc_feat_enclosed, serial_bayou_lagoon_a
D:2:      wad_crossroads, layout_rooms, serial_shops, shop,
          ebering_dispersal_statue_hall, uniq_robin, uniq_sigmund
D:3:      layout_basic, nicolae_overflow_hidden_temple,
          mainiacjoe_overflow_alcove_1, serial_shops, shop,
          nicolae_elevator_lobby_plus

Skill      XL: |  1  2  3 |
---------------+----------+-----
Fighting       | 3 4 |  4.8
Long Blades    | |  2.6
Throwing       | |  1.7
Dodging        | |  2.6

Action                     |  1- 3 |  4- 6 || total
---------------------------+-------+-------++-------
  Melee: Long sword        |    96 |    66 ||   162
    Use: Potion            |     2 |     1 ||     3
 Armour: Leather armour    |   111 |    43 ||   154
  Dodge: Dodged            |    61 |    56 ||   117

Table legend: (Time is in decaauts)
 A = Elapsed time spent in this place.
 B = Non-inter-level travel time spent in this place.
 C = Inter-level travel time spent in this place.
 D = Time resting spent in this place.
 E = Time spent auto-exploring this place.
 F = Levels seen in this place.
 G = Mean time per level.
                   A        B        C        D        E       F      G
               +--------+--------+--------+--------+--------+-----+--------+
         Total |   2067 |   2047 |     20 |    147 |   1373 |   3 |  689.0 |
       Dungeon |   2067 |   2047 |     20 |    147 |   1373 |   3 |  689.0 |
               +--------+--------+--------+--------+--------+-----+--------+

Top non-repeatable levels by time:
     D:3: 837 daAuts
     D:1: 833 daAuts
     D:2: 396 daAuts
